 Dungeon Sprint DCSS version 0.16-a0-3841-g2612308 (webtiles) character file.

2235 PolkaDot the Martial Artist (level 9, -2/88 (89) HPs)
             Began as a Green Draconian Transmuter on Jan 30, 2015.
             Was a Follower of Qazlal.
             Slain by a death drake (3 damage)
             ... in the Dungeon (Sprint II: "The Violet Keep of Menkaure").
             The game lasted 00:07:15 (1280 turns).

PolkaDot the Martial Artist (DrTm)                  Turns: 1280, Time: 00:07:15

HP:   -2/88 (89)    AC:  7    Str: 12      XL:     9   Next: 14%
MP:   10/14         EV: 15    Int: 10 (16) God:    Qazlal [*.....]
Gold: 633           SH:  2    Dex: 13      Spells: 2 memorised, 6 levels left

rFire  + . .     SeeInvis .       - Unarmed
rCold  . . .     Clarity  .     (armour unavailable)
rNeg   . . .     SustAb   .     (shield currently unavailable)
rPois  +         Gourm    .     (helmet restricted)
rElec  .         Spirit   .     (no cloak)
rCorr  .         Warding  .     (gloves currently unavailable)
rMut   .         NoTele   +     (no boots)
MR     .....                    (no amulet)
Stlth  +.........               (no ring)
                                (no ring)

@: lethally poisoned, blade hands, non-regenerating, rotting, diseased, slowed,
very slow, not resistant to hostile enchantments, very unstealthy
A: breathe noxious fumes, unfitting armour, fire resistance 1, poison
resistance, cold-blooded, AC +7
a: Breathe Noxious Fumes, End Transformation, Renounce Religion


You were in the Dungeon.
You worshipped Qazlal.
Qazlal was aware of your devotion.
You were hungry.
You had blades for hands.
You visited 1 branch You collected 1053 gold pieces.
You spent 420 gold pieces at shops.

Inventory:

Missiles
 b - 12 arrows
Scrolls
 j - a scroll of blinking
Potions
 e - a potion of curing
 h - 2 potions of magic
Books
 d - a book of Changes

   Spells                             Type                      Level
   a - Beastly Appendage              Transmutation                1
   b - Sticks to Snakes               Transmutation                2
   c - Spider Form                    Transmutation/Poison         3
   d - Ice Form                       Ice/Transmutation            4
   e - Blade Hands                    Transmutation                5
Comestibles
 a - a bread ration


   Skills:
 + Level 11.3 Fighting
 - Level 5.9 Dodging
 + Level 13.6 Unarmed Combat
 - Level 2.0 Spellcasting
 * Level 10.2 Transmutations


You had 6 spell levels left.
You knew the following spells:

 Your Spells              Type           Power        Failure   Level  Hunger
a - Beastly Appendage     Trmt           ###...       12%         1    ##.....
b - Blade Hands           Trmt           ###.......   54%         5    ######.


Dungeon Overview and Level Annotations

Branches:
Dungeon (1/1)

Altars:
Cheibriados
Dithmenos
Elyvilon
Fedhas
Gozag
Kikubaaqudgha
Makhleb
Nemelex Xobeh
Okawaru
Qazlal
Ru
Sif Muna
Trog
Vehumet
Xom
Yredelemnul
Zin
The Shining One
Beogh
Jiyva
Lugonu

Shops:
D !=:[}[?=([!?(:%%

Annotations:
D exclusions: ice statue, obsidian statue and oklob plant


Innate Abilities, Weirdness & Mutations

You can breathe blasts of noxious fumes.
Your lurid green scales are hard (AC +7).
Your body does not fit into most forms of armour.
Your system is resistant to poisons.
Your cold-blooded metabolism reacts poorly to cold.
Your flesh is heat resistant.


Message History

* * * LOW HITPOINT WARNING * * *
The death drake bites you but does no damage.
You slash the death drake!
The death drake is severely wounded.
You are engulfed in dark miasma.
You feel your flesh rotting away!
* * * LOW HITPOINT WARNING * * *
x2 You feel very sick.
The death drake misses you. The death drake closely misses you.
The death drake bites you!
* * * LOW HITPOINT WARNING * * *
You hit the death drake.
The death drake is severely wounded.
You are engulfed in dark miasma.
You feel as though you will be slow longer.
* * * LOW HITPOINT WARNING * * *
You feel your flesh rotting away.
* * * LOW HITPOINT WARNING * * *
You feel sick. The death drake bites you.
You die...

§§§§§..# §§§§..# ... ++#+++##
... ## .......# .. .# ##'##..#
#. .# #...##.#### +.##k
..#..#....# #§§8####▓?
#.).####..## #kk##.#▓?$(!
##'###.##..# +§@#..#▓(!(?$
##.##.#.#..# #§§#..#▓)="[$$
'.<.+##.+..####§§##.#▓$[$()%[
##.###..#....###§..##▓▓▓▓▓▓▓+
##'###.##......≈≈)≈≈≈≈≈≈≈≈≈≈.
#.#.####≈≈.....≈#'########+###
..#..#§≈≈≈≈≈≈§.≈#_._._...#≈§≈##
##.###§≈≈§§≈≈§.≈#._._._..#§§§§#
##+##≈§≈§≈≈≈§§≈§#_._._._.#{≈§§≈


You could see 2 death drakes, a crystal guardian and a swamp drake.

Vanquished Creatures
  A siren (D)
  A yaktaur (D)
  3 polar bears (D)
  A baby alligator (D)
  2 hippogriffs (D)
  A wasp (D)
  4 brain worms (D)
  A crocodile (D)
  A hell rat (D)
  4 worker ants (D)
19 creatures vanquished.

Vanquished Creatures (others)
  Menkaure (D)
1 creature vanquished.

Grand Total: 20 creatures vanquished

Notes
Turn   | Place    | Note
--------------------------------------------------------------
     0 | D        | PolkaDot, the Draconian Transmuter, began the quest for the Orb.
     0 | D        | Reached XP level 1. HP: 16/16 MP: 3/3
     1 | D        | Noticed a brain worm
     4 | D        | Noticed a worker ant
     4 | D        | Noticed a worker ant
     4 | D        | Noticed a worker ant
     4 | D        | Noticed a worker ant
    13 | D        | Killed a brain worm
    13 | D        | Reached skill level 4 in Fighting
    13 | D        | Reached skill level 6 in Unarmed Combat
    13 | D        | Reached XP level 2. HP: 27/27 MP: 4/4
    13 | D        | Reached XP level 3. HP: 33/33 MP: 6/6
    15 | D        | Noticed a brain worm
    21 | D        | Killed a brain worm
    21 | D        | Reached skill level 5 in Fighting
    21 | D        | Reached skill level 7 in Unarmed Combat
    21 | D        | Reached XP level 4. HP: 24/42 MP: 7/7
    22 | D        | Noticed a brain worm
    22 | D        | Noticed a brain worm
    29 | D        | Killed a brain worm
    29 | D        | Reached skill level 5 in Dodging
    29 | D        | Reached skill level 8 in Unarmed Combat
    29 | D        | Reached XP level 5. HP: 21/50 MP: 9/9
    37 | D        | Killed a brain worm
    37 | D        | Reached skill level 9 in Unarmed Combat
    37 | D        | Reached XP level 6. HP: 18/58 MP: 10/10
   316 | D        | Noticed Menkaure
   317 | D        | Noticed a baby alligator
   335 | D        | Learned a level 5 spell: Blade Hands
   339 | D        | Noticed a hippogriff
   339 | D        | Noticed a hippogriff
   350 | D        | Killed a hippogriff
   350 | D        | Reached skill level 10 in Unarmed Combat
   356 | D        | Killed a hippogriff
   356 | D        | Reached skill level 11 in Unarmed Combat
   356 | D        | Your scales start taking on a lurid green colour.
   356 | D        | Gained mutation: Your system is resistant to poisons. [draconian maturity]
   356 | D        | Reached XP level 7. HP: 11/68 MP: 12/12
   412 | D        | Killed Menkaure
   635 | D        | Killed a worker ant
   641 | D        | Killed a worker ant
   649 | D        | Killed a worker ant
   649 | D        | Reached skill level 5 in Transmutations
   654 | D        | Killed a worker ant
   757 | D        | Noticed an obsidian statue
   769 | D        | Found Phaitian's Book Shop.
   769 | D        | Found Uzahai's Antique Armour Boutique.
   769 | D        | Found Nask's Food Shop.
   769 | D        | Found Klogepam's Distillery.
   769 | D        | Found Puxoxtu's Antique Weapon Boutique.
   769 | D        | Found Klula's Food Boutique.
   770 | D        | Found Shriagy's Magic Scroll Shop.
   770 | D        | Found Wixtaw's Antique Weapon Boutique.
   770 | D        | Found Thribu Tuli's Jewellery Shop.
   780 | D        | Killed a baby alligator
   780 | D        | Reached skill level 12 in Unarmed Combat
   782 | D        | Found Treib's Magic Scroll Shop.
   782 | D        | Found Ebloch's Antique Armour Boutique.
   784 | D        | Found Suitoq's Gadget Boutique.
   784 | D        | Noticed a fire dragon
   785 | D        | Found Xeschae's Jewellery Shop.
   785 | D        | Found Byapp's Armour Shop.
   785 | D        | Noticed an oklob plant
   787 | D        | Found Dalutrer's Distillery.
   787 | D        | Noticed an ice dragon
   788 | D        | Found Bluggiuc's Book Shoppe.
   790 | D        | Noticed a hippogriff
   791 | D        | Noticed a hippogriff
   807 | D        | Bought a potion of beneficial mutation for 420 gold pieces
   807 | D        | Gained mutation: Your flesh is heat resistant. [potion of beneficial mutation]
   816 | D        | Noticed a hell rat
   821 | D        | Killed a hell rat
   844 | D        | Noticed a siren
   860 | D        | Killed a siren
   860 | D        | Reached XP level 8. HP: 72/79 MP: 13/13
   868 | D        | Noticed an ice statue
   881 | D        | Found a roughly hewn altar of Beogh.
   882 | D        | Found a sparkling altar of Nemelex Xobeh.
   882 | D        | Found a blossoming altar of Fedhas.
   883 | D        | Noticed a crocodile
   883 | D        | Found an opulent altar of Gozag.
   892 | D        | Killed a crocodile
   892 | D        | Reached skill level 10 in Fighting
   893 | D        | Found an iron altar of Okawaru.
   893 | D        | Found a glowing silver altar of Zin.
   894 | D        | Found a basalt altar of Yredelemnul.
   895 | D        | Found a sacrificial altar of Ru.
   895 | D        | Found a radiant altar of Vehumet.
   895 | D        | Found a corrupted altar of Lugonu.
   895 | D        | Found a glowing golden altar of the Shining One.
   896 | D        | Found a stormy altar of Qazlal.
   897 | D        | Found a shadowy altar of Dithmenos.
   897 | D        | Found a snail-covered altar of Cheibriados.
   897 | D        | Found a viscous altar of Jiyva.
   897 | D        | Found an ancient bone altar of Kikubaaqudgha.
   899 | D        | Found a bloodstained altar of Trog.
   899 | D        | Found a deep blue altar of Sif Muna.
   899 | D        | Found a shimmering altar of Xom.
   899 | D        | Noticed a wasp
   899 | D        | Noticed a polar bear
   900 | D        | Noticed a polar bear
   900 | D        | Found a white marble altar of Elyvilon.
   900 | D        | Found a burning altar of Makhleb.
   900 | D        | Noticed a yaktaur
   902 | D        | Noticed a polar bear
   913 | D        | Noticed a crocodile
   913 | D        | Noticed a crocodile
   914 | D        | Became a worshipper of Qazlal Stormbringer
   929 | D        | Killed a polar bear
   929 | D        | Reached skill level 13 in Unarmed Combat
   937 | D        | Killed a polar bear
   945 | D        | Killed a polar bear
   945 | D        | Acquired Qazlal's first power
   951 | D        | Killed a wasp
   951 | D        | Reached XP level 9. HP: 39/89 MP: 14/14
   957 | D        | Killed a yaktaur
   957 | D        | Reached skill level 10 in Transmutations
  1271 | D        | Noticed a death drake
  1271 | D        | Noticed a swamp drake
  1272 | D        | Noticed a swamp drake
  1273 | D        | Noticed a death drake
  1273 | D        | Noticed a crystal guardian
  1280 | D        | HP: 3/89 [death drake] (7)]
  1280 | D        | HP: 1/88 [poisoned by a death drake (dark miasma)]
  1280 | D        | Slain by a death drake

Action                   |  1- 3 |  4- 6 |  7- 9 || total
-------------------------+-------+-------+-------++-------
Melee: Unarmed           |    10 |    31 |    98 ||   139
 Cast: Blade Hands       |       |       |     1 ||     1
  Use: Potion            |     1 |       |     3 ||     4
  Eat: Chunk             |       |       |     2 ||     2
